 Dungeon Crawl Stone Soup version 0.27-a0-1312-g5cdb2b3542 (webtiles) character file.

Game seed: 4847476951121150617

282104 Delamore the Impaler (level 21, -15/191 HPs)
             Began as a Formicid Fighter on June 20, 2021.
             Was an Initiate of Gozag.
             Demolished by a vault warden (29 damage)
             ... on level 1 of the Vaults.
             The game lasted 01:08:31 (40869 turns).

Delamore the Impaler (Formicid Fighter)            Turns: 40869, Time: 01:08:32

Health: -15/191    AC: 19    Str: 33    XL:     21   Next: 39%
Magic:  30/30      EV: 10    Int:  9    God:    Gozag
Gold:   175        SH: 21    Dex:  5    Spells: 20/20 levels left

rFire    + + +     SeeInvis +   f - +5 demon trident of Accord {vorpal, rN+ rCorr Dex-5}
rCold    + + +     Faith    .   A - +0 tower shield
rNeg     + + .     Spirit   .   n - +1 plate armour {rF+}
rPois    +         Reflect  .   (helmet unavailable)
rElec    +         Harm     .   W - +0 cloak {Stlth+}
rCorr    +         Rampage  .   k - +1 pair of gloves {archery}
Will     +++..                  E - +2 pair of boots "Itoir" {rN+}
Stlth    ..........             T - amulet of regeneration
HPRegen  1.41/turn              N - ring "Veuph" {rF+++ rC+ Str+6 Stlth-}
MPRegen  0.22/turn              Q - ring of Xaepsia {Fly rElec rC++ MP+9 Int-3}

@: mighty, lethally poisoned (-15 -> -25), resistant, flying, studying Ice
Magic, invisible
A: permanent stasis, dig shafts and tunnels, antennae 3, four strong arms,
deformed body, strong-willed 1, robust 1
}: 2/15 runes: decaying, serpentine
a: Dig, Shaft Self, Renounce Religion, Potion Petition, Call Merchant, Bribe
Branch


You were on level 1 of the Vaults.
You worshipped Gozag.
Gozag was aware of your devotion.
You visited 7 branches of the dungeon, and saw 35 of its levels.
You also visited: Ice Cave.

You collected 13323 gold pieces.
You spent 3939 gold pieces at shops.
You paid 9209 gold pieces to Gozag.

Inventory:

Hand Weapons
 f - the +5 demon trident of Accord (weapon) {vorpal, rN+ rCorr Dex-5}
   (You acquired it on level 2 of the Dungeon)

   It inflicts extra damage upon your enemies.
   It affects your dexterity (-5).
   It protects you from negative energy.
   It protects you from acid and corrosion.
 v - the +7 lajatang of Order {silver, rMut}
   (You acquired it on level 4 of the Dungeon)

   It protects you from mutation.
Missiles
 p - 115 poisoned darts
 w - 7 boomerangs of dispersal
 x - 3 throwing nets
 y - 29 boomerangs (quivered)
 D - 15 curare-tipped darts
 G - 3 silver boomerangs
 S - 11 atropa-tipped darts
 X - 3 javelins
Armour
 g - a +2 chain mail of poison resistance
 k - a +1 pair of gloves of archery (worn)
 n - a +1 plate armour of fire resistance (worn)
 A - a +0 tower shield (worn)
 E - the +2 pair of boots "Itoir" (worn) {rN+}
   (You found it on level 7 of the Dungeon)

   It protects you from negative energy.
 W - a +0 cloak of stealth (worn)
Jewellery
 a - a +4 ring of protection
 c - a ring of flight
 t - a ring of wizardry
 N - the ring "Veuph" (left hand) {rF+++ rC+ Str+6 Stlth-}
   (You found it in an ice cave)

   [ring of protection from cold]

   It affects your strength (+6).
   It renders you almost immune to fire.
   It protects you from cold.
   It makes you less stealthy.
 Q - the ring of Xaepsia (right hand) {Fly rElec rC++ MP+9 Int-3}
   (You bought it in a shop on level 10 of the Dungeon)

   [ring of magical power]

   It affects your intelligence (-3).
   It greatly protects you from cold.
   It insulates you from electricity.
   It affects your magic capacity (+9).
   It grants you flight.
 T - an amulet of regeneration (around neck)
 U - a +4 ring of evasion
Wands
 i - a wand of iceblast (37)
 l - a wand of acid (8)
 u - a wand of paralysis (17)
 C - a wand of mindburst (22)
 F - a wand of digging (2)
 O - a wand of flame (35)
Scrolls
 b - 2 scrolls of immolation
 m - 3 scrolls of enchant armour
 o - 5 scrolls of holy word
 q - 3 scrolls of magic mapping
 r - 4 scrolls of fog
 s - 6 scrolls of fear
 B - 7 scrolls of enchant weapon
 I - 4 scrolls of summoning
 P - 2 scrolls of torment
 R - 17 scrolls of identify
 Y - 3 scrolls of silence
Potions
 d - 8 potions of might
 e - 2 potions of resistance
 h - 11 potions of curing
 j - 2 potions of cancellation
 z - 7 potions of heal wounds
 H - 3 potions of magic
 K - 9 potions of ambrosia
 L - 8 potions of brilliance
 M - 2 potions of invisibility
 Z - 3 potions of mutation
Miscellaneous
 J - a tin of tremorstones (inert)
 V - a condenser vane (inert)


   Skills:
 + Level 17.2 Fighting
 + Level 19.7 Polearms
 - Level 10.0 Throwing
 + Level 13.5 Armour
 - Level 10.0 Dodging
 - Level 15.0 Shields
 + Level 13.5 Evocations


You had 20 spell levels left.
You didn't know any spells.
Your spell library contained the following spells:

 Spells                   Type           Power      Damage    Failure   Level
 Animate Skeleton         Necr           0%         N/A       90%         1
 Apportation              Tloc           0%         N/A       90%         1
 Beastly Appendage        Tmut           0%         N/A       90%         1
 Corona                   Hex            0%         N/A       90%         1
 Freeze                   Ice            0%         1d3       90%         1
 Magic Dart               Conj           0%         1d3       90%         1
 Pain                     Necr           0%         1d4       90%         1
 Summon Small Mammal      Summ           0%         N/A       90%         1
 Call Imp                 Summ           0%         N/A       97%         2
 Ensorcelled Hibernation  Hex/Ice        0%         N/A       97%         2
 Searing Ray              Conj           0%         3d3       97%         2
 Wereblood                Tmut           0%         N/A       97%         2
 Call Canine Familiar     Summ           0%         N/A       99%         3
 Confusing Touch          Hex            0%         N/A       99%         3
 Dazzling Flash           Conj/Hex       0%         N/A       99%         3
 Frozen Ramparts          Ice            0%         1d2       99%         3
 Gell's Gravitas          Tloc           0%         N/A       99%         3
 Ozocubu's Armour         Ice            0%         N/A       99%         3
 Spider Form              Tmut/Pois      0%         N/A       99%         3
 Summon Guardian Golem    Hex/Summ       0%         N/A       99%         3
 Tukima's Dance           Hex            0%         N/A       99%         3
 Vampiric Draining        Necr           0%         2d6       99%         3
 Animate Armour           Summ/Erth      0%         N/A       100%        4
 Animate Dead             Necr           0%         N/A       100%        4
 Fulminant Prism          Conj/Hex       0%         3d6       100%        4
 Hailstorm                Conj/Ice       0%         3d3       100%        4
 Ice Form                 Ice/Tmut       0%         N/A       100%        4
 Iskenderun's Mystic Bla  Conj/Tloc      0%         2d3       100%        4
 Leda's Liquefaction      Hex/Erth       0%         N/A       100%        4
 Petrify                  Tmut/Erth      0%         N/A       100%        4
 Summon Ice Beast         Ice/Summ       0%         N/A       100%        4
 Summon Lightning Spire   Summ/Air       0%         N/A       100%        4
 Agony                    Necr           0%         N/A       100%        5
 Blade Hands              Tmut           0%         N/A       100%        5
 Bolt of Magma            Conj/Fire/Erth 0%         4d4       100%        5
 Freezing Cloud           Conj/Ice/Air   0%         6-21      100%        5
 Irradiate                Conj/Tmut      0%         3d13      100%        5
 Metabolic Englaciation   Hex/Ice        0%         N/A       100%        5
 Summon Mana Viper        Hex/Summ       0%         N/A       100%        5
 Yara's Violent Unravell  Hex/Tmut       0%         3d3       100%        5
 Iron Shot                Conj/Erth      0%         9d1       100%        6
 Simulacrum               Ice/Necr       0%         N/A       100%        6
 Statue Form              Tmut/Erth      0%         N/A       100%        6
 Dragon Form              Tmut           0%         N/A       100%        7
 Ozocubu's Refrigeration  Ice            0%         4d5       100%        7
 Storm Form               Tmut/Air       0%         N/A       100%        7
 Shatter                  Erth           0%         3d5*      100%        9


Dungeon Overview and Level Annotations

Branches:
Dungeon (15/15)            Temple (1/1) D:5            Lair (6/6) D:10
  Swamp (4/4) Lair:2        Snake (4/4) Lair:3        Slime (0/5) Lair:5
    Orc (2/2) D:10            Elf (0/3) Orc:2        Vaults (3/5) D:13
  Crypt (0/3) Vaults:2     Depths (0/5) D:15          IceCv (visited)

Altars:
Ashenzari
Cheibriados
Dithmenos
Elyvilon
Fedhas
Gozag
Hepliaklqana
Kikubaaqudgha
Makhleb
Nemelex Xobeh
Okawaru
Qazlal
Ru
Sif Muna
Trog
Uskayaw
Vehumet
Wu Jian
Xom
Yredelemnul
Zin
The Shining One
Beogh
Jiyva

Shops:
D:3 ?(=   D:4 [   D:8 (   D:10 =   D:12 ?   D:13 !   D:15 *   Orc:2 [=[(
Lair:2 *   Lair:3 !   Lair:4 [   Snake:2 :[   Snake:3 [   Snake:4 :=:
Vaults:3 (


Innate Abilities, Weirdness & Mutations

You cannot be hasted, slowed, berserked, paralysed or teleported.
You can dig through walls and to a lower floor.
You have a pair of large antennae on your head. (SInv)
Your four strong arms can wield two-handed weapons with a shield.
Armour fits poorly on your strangely shaped body.
You are strong-willed. (Will+)
You are robust. (+10% HP)


Message History

The vault warden blocks your attack.
The vault warden is severely wounded.
You feel sick.
You closely miss the vault warden.
The vault warden is severely wounded.
You feel sick.
The vault warden hits you with a +0 war axe of venom!!
* * * LOW HITPOINT WARNING * * *
You are lethally poisoned!
The vault guard hits you with a +2 long sword.
* * * LOW HITPOINT WARNING * * *
The vault sentinel gestures at you while chanting.
You resist with significant effort.
Okay, then. [a] - 252 gold - invisibility and might [b] - 280 gold - resistance and might [c] - 475 gold - heal wounds, resistance and might Purchase which effect?
You feel much better.
You feel protected.
You feel very mighty all of a sudden.
* * * LOW HITPOINT WARNING * * *
You feel extremely sick. You block the vault warden's attack.
You block the vault guard's attack. You block the vault sentinel's attack.
Okay, then. [a] - 660 gold - heal wounds, magic, lignification, might and resistance [b] - 252 gold - invisibility and might [c] - 780 gold - resistance, heal wounds, curing and magic Purchase which effect? [a] - 660 gold - heal wounds, magic, lignification, might and resistance [b] - 252 gold - invisibility and might [c] - 780 gold - resistance, heal wounds, curing and magic Purchase which effect?
You no longer have enough gold to petition Gozag for potion effects.
You fade into invisibility!
You feel mightier all of a sudden.
* * * LOW HITPOINT WARNING * * *
You feel extremely sick.
The vault warden hits you with a +0 war axe of venom!!
You die...
Your body crumbles into a pile of gold.

#.....#
#.....#
...$.#
#.$..#
{#..$.#
#.$$.# {
#.$.$# $
#.pp.#
#.@..#
#.p..#
#....#
......#
.......#
........#
........#
##########


You could see a vault warden, a vault guard and a vault sentinel.

Vanquished Creatures
  Frederick (Vaults:2)
  Vashnia (Snake:2)
  Nikola (Snake:1)
  Jorgrun (D:12)
  2 quicksilver dragons (Snake:4)
  2 thorn hunters
  Gastronok (D:8)
  Kirke (Swamp:4)
  A sphinx (Vaults:2)
  Roxanne (Swamp:2)
  An azure jelly (IceCv)
  A fenstrider witch (Swamp:4)
  2 nagarajas
  2 orc warlords
  Aizul (Snake:2)
  4 vault wardens (Vaults:2)
  The ghost of Fama the Fighter, a journeyman OgTm of Cheibriados (Lair:4)
  Louise (Snake:1)
  6 ironbound preservers
  3 ghouls (Swamp:2)
  A quicksilver ooze (IceCv)
  6 very ugly things
  5 bunyips
  A deep elf demonologist (Vaults:2)
  An entropy weaver (Vaults:2)
  2 dire elephants (Lair:1)
  3 eleionomae
  An ettin (D:13)
  A yaktaur captain (Vaults:2)
  Josephine (D:14)
  2 shambling mangroves
  A fire dragon (Lair:6)
  2 great orbs of eyes
  2 ghost crabs
  5 ironbound thunderhulks
  3 vault guards
  2 ice dragons
  Harold (D:8)
  Erolcha (Orc:1)
  5 naga warriors
  5 salamander tyrants (Snake:4)
  A rakshasa (D:15)
  18 hydras
  6 two-headed ogres
  10 anacondas
  The ghost of Sosched the Thaumaturge, a journeyman GnWz of Sif Muna (Lair:1)
  Erica (D:8)
  4 boulder beetles
  9 centaur warriors
  A catoblepas (Lair:5)
  A spriggan air mage (Swamp:3)
  4 death knights
  2 ironbound frosthearts (Vaults:3)
  A merfolk avatar (Lair:6)
  11 alligators
  3 death yaks (Lair:6)
  8 shock serpents
  An ironbound beastmaster (Vaults:2)
  2 orc high priests (Orc:2)
  17 naga sharpshooters
  A shadow wraith (D:13)
  6 salamander mystics
  15 deep trolls (Vaults:2)
  2 sea snakes (Snake:1)
  A death drake (Swamp:3)
  12 swamp dragons
  3 goliath frogs
  2 spriggan druids
  3 bog bodies (Swamp:2)
  9 ironbound convokers
  A lindwurm (Vaults:2)
  4 orc knights
  5 naga ritualists
  A wizard (Vaults:2)
  Pikel (D:5)
  A lindwurm (shapeshifter) (D:13)
  2 harpies
  5 deep elf pyromancers
  12 mana vipers
  2 necromancers
  4 cyclopes
  3 orc sorcerers
  18 ugly things
  36 slime creatures
  4 manticores
  15 salamanders
  5 will-o-the-wisps
  A guardian serpent (Snake:2)
  22 elephants
  4 vault sentinels (Vaults:2)
  3 gargoyles (D:12)
  3 ice statues (IceCv)
  39 black mambas
  The ghost of Delamore the Poker, a novice FoFi of Gozag (D:6)
  10 naga magi
  14 cane toads
  2 unseen horrors
  2 kobold demonologists
  2 freezing wraiths (D:13)
  19 rime drakes
  10 yaktaurs (Vaults:2)
  13 komodo dragons
  2 efreet (D:14)
  4 entropy weaver simulacra (IceCv)
  A tengu conjurer (D:14)
  A very ugly thing simulacrum (IceCv)
  6 trolls
  3 bloated husks
  4 meliai
  A queen bee (Lair:1)
  A polar bear (shapeshifter) (D:13)
  5 polar bears
  8 tyrant leeches
  13 hornets
  Grinder (D:6)
  8 blink frogs
  8 spriggans
  45 yaks
  Sigmund (D:6)
  A basilisk (shapeshifter) (D:15)
  6 wraiths
  7 wyverns
  A golden eye (shapeshifter) (D:13)
  7 basilisks
  A fire bat (shapeshifter) (D:13)
  3 hogs (Swamp:4)
  12 steam dragons
  6 vampire mosquitoes
  Grum (Lair:1)
  15 swamp worms
  3 wargs (Orc:1)
  A demonic crawler simulacrum (IceCv)
  27 nagas
  13 water moccasins
  9 swamp drakes
  3 necrophages
  35 orc warriors
  3 ice beasts
  2 ugly thing simulacra (IceCv)
  4 black bears
  A boggart (Lair:4)
  8 ogres
  19 wolves
  16 centaurs
  2 lemures (D:5)
  A phantom (D:6)
  15 kobold brigands
  10 bullfrogs
  6 gnoll sergeants
  3 glowing shapeshifter simulacra (IceCv)
  4 scorpions
  A wyvern skeleton (D:7)
  A water moccasin skeleton (D:4)
  5 killer bees (Lair:1)
  15 wights
  6 electric eels
  3 howler monkeys
  5 centaur zombies
  A bullfrog zombie (D:5)
  6 hounds
  A centaur skeleton (D:6)
  16 orc priests
  A gnoll shaman (D:6)
  2 jellies (D:7)
  3 iguanas
  Natasha (twice) (D:4)
  27 orc wizards
  2 yak simulacra (Lair:5)
  2 polar bear simulacra (Lair:5)
  5 wolf simulacra (Lair:5)
  A bullfrog simulacrum (D:6)
  A hound zombie (D:5)
  A hound skeleton (D:4)
  A killer bee simulacrum (D:6)
  22 gnolls
  6 adders
  2 white imps
  A howler monkey simulacrum (D:6)
  An adder skeleton (D:4)
  A dart slug (D:3)
  107 orcs
  9 ball pythons
  3 endoplasms
  5 goblins
  5 hobgoblins
  6 jackals
  2 quokkas
  A bat (D:2)
  4 frilled lizards
  48 kobolds
  7 rats
  2 river rat simulacra (Lair:5)
1201 creatures vanquished.

Vanquished Creatures (others)
  A hydra (Swamp:4)
  An alligator (Swamp:4)
  A rime drake (Lair:6)
  2 hornets (Swamp:4)
  A spriggan (Swamp:4)
  A human (Swamp:4)
  A steam dragon (Lair:6)
  A swamp drake (Swamp:4)
  18 foxfires
  42 fungi
  68 plants
  6 toadstools (Lair:1)
143 creatures vanquished.

Grand Total: 1344 creatures vanquished

Notes
Turn   | Place    | Note
-------+----------+-------------------------------------------
     0 | D:1      | Delamore the Formicid Fighter began the quest for the Orb.
     0 | D:1      | Reached XP level 1. HP: 18/18 MP: 1/1
   107 | D:1      | Reached XP level 2. HP: 24/24 MP: 2/2
   445 | D:1      | Reached XP level 3. HP: 28/29 MP: 3/3
   579 | D:1      | Reached skill level 3 in Polearms
   805 | D:2      | Identified a scroll of acquirement
   805 | D:2      | Acquired the +5 demon trident of Accord {vorpal, rN+ rCorr
                  | Dex-5}
  1036 | D:2      | Found a faded altar of an unknown god.
  1316 | D:2      | You fall into a shaft and drop 1 floor!
  1582 | D:3      | Reached XP level 4. HP: 26/37 MP: 4/4
  1836 | D:3      | Found Ufesmiemn's Jewellery Boutique.
  1855 | D:3      | Found Moar's Weapon Shoppe.
  2057 | D:3      | Found Hahoanui's Magic Scroll Shoppe.
  2068 | D:3      | Bought a scroll of magic mapping for 42 gold pieces
  2068 | D:3      | Bought a scroll of fog for 24 gold pieces
  2181 | D:4      | Noticed a centaur
  2189 | D:4      | Killed a centaur
  2190 | D:4      | Reached skill level 4 in Polearms
  2190 | D:4      | Reached XP level 5. HP: 16/43 MP: 5/5
  2412 | D:4      | Reached XP level 6. HP: 49/49 MP: 6/6
  2441 | D:4      | Reached skill level 5 in Polearms
  2537 | D:4      | Found Fimipus's Armour Shop.
  2745 | D:4      | Noticed Natasha
  2751 | D:4      | Killed Natasha
  2752 | D:4      | Reached skill level 5 in Fighting
  2909 | D:4      | Noticed Natasha
  2913 | D:4      | Killed Natasha
  2968 | D:4      | Reached skill level 6 in Polearms
  2968 | D:4      | Reached XP level 7. HP: 34/56 MP: 7/7
  3164 | D:4      | Acquired the +7 lajatang of Order {silver, rMut}
  3165 | D:4      | Found the +7 lajatang of Order {silver, rMut}
  3203 | D:5      | Entered Level 5 of the Dungeon
  3271 | D:5      | Reached skill level 7 in Polearms
  3377 | D:5      | Noticed Pikel
  3394 | D:5      | Killed Pikel
  3395 | D:5      | Reached skill level 9 in Polearms
  3395 | D:5      | Reached XP level 8. HP: 42/62 MP: 8/8
  3599 | D:5      | You fall into a shaft and drop 2 floors!
  3850 | D:6      | Reached skill level 10 in Polearms
  3850 | D:6      | Reached XP level 9. HP: 53/68 MP: 9/9
  3872 | D:6      | Identified the Almanac of the Entourage
  4157 | D:6      | Reached skill level 11 in Polearms
  4182 | D:6      | Noticed Sigmund
  4190 | D:6      | Killed Sigmund
  4344 | D:5      | Reached skill level 12 in Polearms
  4410 | D:5      | Found a staircase to the Ecumenical Temple.
  4480 | Temple   | Entered the Ecumenical Temple
  5123 | D:5      | Reached XP level 10. HP: 45/74 MP: 10/10
  5679 | D:6      | Noticed Grinder
  5684 | D:6      | Killed Grinder
  5688 | D:6      | Reached skill level 13 in Polearms
  5830 | D:6      | Found a runed translucent gate.
  5831 | D:6      | Found a runed translucent gate.
  5882 | D:6      | Found a sacrificial altar of Ru.
  5882 | D:6      | Found a basalt altar of Yredelemnul.
  5935 | D:6      | Noticed Delamore's ghost (novice FoFi)
  5961 | D:6      | Found a runed translucent gate.
  6216 | D:7      | Identified the +2 pair of boots "Itoir" {rN+}
  6515 | D:7      | Reached skill level 1 in Evocations
  6675 | D:8      | Noticed Harold
  6699 | D:8      | Killed Harold
  6770 | D:8      | Noticed Erica
  6777 | D:8      | Killed Erica
  6778 | D:8      | Reached skill level 5 in Shields
  7224 | D:8      | Found Taotsud's Weapon Shoppe.
  7355 | D:8      | Reached XP level 11. HP: 79/79 MP: 11/11
  7360 | D:8      | Reached skill level 14 in Polearms
  7496 | D:8      | Noticed Gastronok
  7516 | D:8      | Killed Gastronok
  7517 | D:8      | Reached skill level 5 in Evocations
  7545 | D:8      | Reached skill level 5 in Armour
  8112 | D:9      | Noticed a deep elf pyromancer
  8133 | D:9      | Killed a deep elf pyromancer
  8486 | D:9      | You fall into a shaft and drop 2 floors!
  8741 | D:10     | Entered Level 10 of the Dungeon
  8973 | D:10     | Noticed an elephant
  8986 | D:10     | Killed an elephant
  8988 | D:10     | Reached XP level 12. HP: 81/92 MP: 12/12
  9062 | D:10     | Found a staircase to the Lair.
  9093 | D:10     | Found a staircase to the Orcish Mines.
  9611 | D:10     | Found an opulent altar of Gozag.
  9613 | D:10     | Found a hide-covered altar of Uskayaw.
  9619 | D:10     | Became a worshipper of Gozag Ym Sagoz the Greedy
  9697 | D:9      | Found a shimmering blue altar of Sif Muna.
 10250 | D:10     | Found a bloodstained altar of Trog.
 10524 | Lair:1   | Entered Level 1 of the Lair of Beasts
 10669 | Lair:1   | Noticed Grum
 10695 | Lair:1   | Killed Grum
 11052 | Lair:1   | Reached skill level 1 in Throwing
 11078 | Lair:1   | Noticed a four-headed hydra
 11092 | Lair:1   | Killed a four-headed hydra
 11093 | Lair:1   | Noticed a six-headed hydra
 11102 | Lair:1   | Killed a six-headed hydra
 11103 | Lair:1   | Reached skill level 10 in Fighting
 11429 | Lair:1   | Noticed a six-headed hydra
 11437 | Lair:1   | Killed a six-headed hydra
 11851 | Lair:1   | Reached skill level 10 in Armour
 12025 | Lair:1   | Reached skill level 5 in Throwing
 12025 | Lair:1   | Reached XP level 13. HP: 103/103 MP: 13/13
 12211 | Lair:1   | Noticed a dire elephant
 12211 | Lair:1   | Noticed a dire elephant
 12234 | Lair:1   | Found a runed translucent door.
 12318 | Lair:1   | Noticed Sosched's ghost (journeyman GnWz)
 12346 | Lair:1   | Found a transporter.
 12349 | Lair:1   | Found a transporter.
 13163 | Lair:2   | Noticed a boulder beetle
 13173 | Lair:2   | Killed a boulder beetle
 13757 | Lair:2   | Found a staircase to the Swamp.
 14165 | Lair:2   | Bought a scroll of enchant weapon for 82 gold pieces
 14165 | Lair:2   | Bought a potion of curing for 33 gold pieces
 14165 | Lair:2   | Bought a scroll of identify for 22 gold pieces
 14165 | Lair:2   | Bought a scroll of noise for 11 gold pieces
 14224 | Lair:3   | Reached skill level 10 in Throwing
 14875 | Lair:3   | Found a staircase to the Snake Pit.
 15126 | Lair:3   | Noticed an ice dragon
 15138 | Lair:3   | Killed an ice dragon
 15308 | Lair:4   | Identified the +5 long sword "Giantbane" {freeze, Str+2
                  | Dex+4 SInv}
 15337 | Lair:4   | Noticed a five-headed hydra
 15346 | Lair:4   | Killed a five-headed hydra
 15394 | Lair:4   | Reached XP level 14. HP: 86/111 MP: 14/14
 15637 | Lair:4   | Found a runed translucent door.
 15639 | Lair:4   | Noticed Fama's ghost (journeyman OgTm)
 15641 | Lair:4   | Identified the +0 spear "Hualim" {freeze, Str+9}
 16418 | Lair:4   | Bought an ichor-stained kite shield for 304 gold pieces
 16418 | Lair:4   | Identified the -6 kite shield of Satisfaction {*Slow rElec
                  | Dex+4} (You bought it in a shop on level 4 of the Lair of
                  | Beasts)
 16675 | Lair:5   | Found a viscous altar of Jiyva.
 16675 | Lair:5   | Found a staircase to the Slime Pits.
 17310 | Lair:6   | Entered Level 6 of the Lair of Beasts
 17530 | Lair:6   | Reached skill level 10 in Shields
 17745 | Lair:6   | Found the +7 sceptre of Torment {pain, torment}
 18009 | Lair:6   | Reached XP level 15. HP: 109/121 MP: 15/15
 18346 | Lair:6   | Identified the ring of Vanity {rC- rN+ Str+3 Int+6}
 18875 | Lair:4   | Bought a masterwork plate armour for 896 gold pieces
 18875 | Lair:4   | Identified the +0 plate armour of the Enchanted Forest
                  | {rC+} (You bought it in a shop on level 4 of the Lair of
                  | Beasts)
 18982 | Lair:1   | Reached skill level 10 in Evocations
 19049 | Lair:1   | Killed Sosched's ghost
 19750 | Lair:4   | Killed Fama's ghost
 20152 | D:6      | Killed Delamore's ghost
 20344 | Orc:1    | Entered Level 1 of the Orcish Mines
 20441 | Orc:1    | Noticed Erolcha
 20449 | Orc:1    | Killed Erolcha
 20516 | Orc:1    | Noticed an orc warlord
 20635 | D:10     | Killed an orc warlord
 20804 | Orc:1    | You fall into a shaft and drop 1 floor!
 20804 | Orc:2    | Entered Level 2 of the Orcish Mines
 20812 | Orc:2    | Found a staircase to the Elven Halls.
 21253 | Orc:2    | Found Soapits's Jewellery Shoppe.
 21487 | Orc:2    | Found Axzura Visk's Armour Emporium.
 21757 | Orc:2    | Noticed an orc warlord
 21815 | Orc:2    | Killed an orc warlord
 21926 | Orc:2    | Gained mutation: You occasionally shout uncontrollably at
                  | your foes. [a neqoxec]
 21993 | Orc:2    | Found Dahuov's Antique Weapon Boutique.
 22051 | Orc:2    | Found Toom's Antique Armour Shop.
 22392 | D:10     | Bought the ring of Xaepsia {Fly rElec rC++ MP+9 Int-3} for
                  | 614 gold pieces
 22665 | D:11     | Reached XP level 16. HP: 62/133 MP: 16/16
 23074 | D:11     | Identified the +5 ring mail of Insatiable Hunger {rN+}
 23479 | D:12     | Bought a scroll of silence for 105 gold pieces
 23479 | D:12     | Bought a scroll of magic mapping for 49 gold pieces
 23821 | D:12     | Noticed Jorgrun
 23834 | D:12     | Killed Jorgrun
 24294 | D:13     | Reached skill level 15 in Fighting
 24707 | D:13     | Reached skill level 15 in Shields
 24756 | D:13     | Reached skill level 1 in Dodging
 24819 | D:13     | Found a gate to the Vaults.
 25221 | D:14     | Found a frozen archway.
 25320 | IceCv    | Entered an ice cave
 25806 | IceCv    | Reached skill level 5 in Dodging
 25806 | IceCv    | Reached XP level 17. HP: 78/142 MP: 4/17
 25937 | IceCv    | Found a viscous altar of Jiyva.
 25970 | IceCv    | Got the ring "Veuph" {rF+++ rC+ Str+6 Stlth-}
 25977 | IceCv    | Identified the +7 ice dragon scales of Defence {*Slow rF-
                  | rC++ Will+ Int+2}
 26186 | D:14     | Reached skill level 15 in Polearms
 26865 | D:15     | Entered Level 15 of the Dungeon
 26868 | D:15     | Bought a pitted graven amulet for 125 gold pieces
 26868 | D:15     | Identified the amulet of Ru's Favour {Acrobat +Inv Will+}
                  | (You bought it in a shop on level 15 of the Dungeon)
 26872 | D:15     | Noticed Josephine
 26996 | D:14     | Killed Josephine
 27461 | D:15     | Identified the +4 ring mail "Leep" {Str+2}
 27662 | D:15     | Found a staircase to the Depths.
 28006 | D:4      | Bought a +2 chain mail of poison resistance for 240 gold
                  | pieces
 28177 | Swamp:1  | Entered Level 1 of the Swamp
 28544 | Orc:2    | Bought a +1 pair of gloves of archery for 297 gold pieces
 29272 | Swamp:2  | Reached skill level 16 in Polearms
 29660 | Swamp:2  | Noticed Roxanne
 29689 | Swamp:2  | Reached XP level 18. HP: 32/149 MP: 18/18
 30289 | Swamp:2  | Killed Roxanne
 31144 | Swamp:4  | Entered Level 4 of the Swamp
 31311 | Swamp:4  | Reached skill level 10 in Dodging
 31387 | Swamp:3  | Reached skill level 17 in Polearms
 31765 | Swamp:4  | Noticed Kirke
 31775 | Swamp:4  | Killed Kirke
 32113 | Swamp:4  | Reached skill level 18 in Polearms
 32360 | Swamp:4  | Got a decaying rune of Zot
 32662 | Snake:1  | Entered Level 1 of the Snake Pit
 32667 | Lair:3   | Bought 3 potions of curing for 117 gold pieces
 32667 | Lair:3   | Bought a potion of heal wounds for 65 gold pieces
 32667 | Lair:3   | Bought a potion of curing for 39 gold pieces
 32667 | Lair:3   | Bought a potion of curing for 39 gold pieces
 32667 | Lair:3   | Bought a potion of might for 52 gold pieces
 32667 | Lair:3   | Bought 2 potions of might for 104 gold pieces
 32667 | Lair:3   | Bought a potion of heal wounds for 65 gold pieces
 32667 | Lair:3   | Bought 2 potions of curing for 78 gold pieces
 32667 | Lair:3   | Bought a potion of mutation for 104 gold pieces
 32667 | Lair:3   | Lost mutation: You occasionally shout uncontrollably at
                  | your foes. [potion of mutation]
 32667 | Lair:3   | Gained mutation: You expend magic power (3 MP) to
                  | strengthen your wands. [potion of mutation]
 32667 | Lair:3   | Gained mutation: You are dopey. (Int -2) [potion of
                  | mutation]
 32667 | Lair:3   | Gained mutation: Armour fits poorly on your strangely
                  | shaped body. [potion of mutation]
 32668 | Lair:3   | Lost mutation: You are dopey. (Int -2) [potion of mutation]
 32668 | Lair:3   | Gained mutation: You have large cloven feet. [potion of
                  | mutation]
 32668 | Lair:3   | Gained mutation: You have an increased reservoir of magic.
                  | (+10% MP) [potion of mutation]
 32668 | Lair:3   | Gained mutation: You sometimes lose the ability to read
                  | scrolls when taking damage. [potion of mutation]
 32669 | Lair:3   | Lost mutation: You have large cloven feet. [potion of
                  | mutation]
 32669 | Lair:3   | Lost mutation: You expend magic power (3 MP) to strengthen
                  | your wands. [potion of mutation]
 32669 | Lair:3   | Gained mutation: You are robust. (+10% HP) [potion of
                  | mutation]
 32669 | Lair:3   | Gained mutation: You are strong-willed. (Will+) [potion of
                  | mutation]
 32919 | Snake:1  | Noticed Nikola
 32933 | Snake:1  | Noticed Aizul
 32965 | Snake:2  | Killed Aizul
 33071 | Snake:1  | Killed Nikola
 33072 | Snake:1  | Reached XP level 19. HP: 167/170 MP: 20/20
 33072 | Snake:1  | Noticed Louise
 33095 | Snake:1  | Killed Louise
 33564 | Snake:1  | You are sucked into a shaft and drop 1 floor!
 33900 | Snake:2  | Noticed Vashnia
 33950 | Snake:2  | Killed Vashnia
 34554 | Snake:2  | Found Yliuna's Armour Shoppe.
 34554 | Snake:2  | Found Jeibrim's Book Emporium.
 35001 | Snake:3  | Found Revoqom's Armour Shoppe.
 36083 | Snake:4  | Entered Level 4 of the Snake Pit
 36114 | Snake:4  | Reached XP level 20. HP: 99/180 MP: 22/22
 36553 | Snake:4  | Reached skill level 19 in Polearms
 37199 | Snake:4  | Found Macroh's Book Emporium.
 37199 | Snake:4  | Found Pule's Jewellery Shop.
 37201 | Snake:4  | Found Dorrogipo's Book Emporium.
 37474 | Snake:4  | Got a serpentine rune of Zot
 38088 | Vaults:1 | Entered Level 1 of the Vaults
 38093 | D:13     | Bought a potion of mutation for 96 gold pieces
 38093 | D:13     | Bought a potion of mutation for 96 gold pieces
 38093 | D:13     | Bought a potion of heal wounds for 60 gold pieces
 38093 | D:13     | Bought a potion of heal wounds for 60 gold pieces
 38093 | D:13     | Bought a potion of heal wounds for 60 gold pieces
 38093 | D:13     | Bought a potion of heal wounds for 60 gold pieces
 38093 | D:13     | Lost mutation: You sometimes lose the ability to read
                  | scrolls when taking damage. [potion of mutation]
 38093 | D:13     | Lost mutation: You have an increased reservoir of magic.
                  | (+10% MP) [potion of mutation]
 38093 | D:13     | Lost mutation: Armour fits poorly on your strangely shaped
                  | body. [potion of mutation]
 38093 | D:13     | Gained mutation: Armour fits poorly on your strangely
                  | shaped body. [potion of mutation]
 38129 | Vaults:1 | You are sucked into a shaft and drop 1 floor!
 38171 | Vaults:2 | Noticed Frederick
 38191 | Vaults:2 | Killed Frederick
 39506 | Vaults:2 | Reached XP level 21. HP: 128/190 MP: 21/21
 39719 | Vaults:2 | Found a staircase to the Crypt.
 40297 | Vaults:3 | Identified the +1 ring mail of Dishonour {rN+ Regen+}
 40389 | Vaults:3 | Found Calagokk's Antique Weapon Emporium.
 40867 | Vaults:1 | HP: 7/191 [vault warden (25)]
 40869 | Vaults:1 | Demolished by a vault warden

Illustrated notes

Levels and vault maps discovered:
D:1:      matt_arrival_los_fun, layout_basic
D:2:      layout_loops_cross, hellmonk_ecumenical_altar_pennies_from_heaven
D:3:      layout_basic, serial_shops, shop, nicolae_shop_behind_doors, shop
D:4:      layout_rooms, serial_shops, nicolae_stop_n_shop_1, uniq_natasha
D:5:      cheibrodos_thug_alley, layout_loops_ring, minmay_temple_entry_slanted,
          hangedman_decor_opposing, uniq_pikel
D:6:      layout_cave_pools, amethyst_overflow_temple_binary,
          gammafunk_ghost_icy, hangedman_decor_growths,
          minmay_a_box_with_orc_wizards_in_it, uniq_grinder, uniq_sigmund
D:7:      layout_gridville, grunt_ministairs_15
D:8:      layout_loops_corners, special_room [special_room_kobold],
          serial_shops, nicolae_shop_competitors_out_of_business, hex_tiny,
          uniq_harold, uniq_erica, uniq_gastronok
D:9:      layout_rooms, lemuel_blue_sif_altar, grunt_ministairs_5
D:10:     layout_loops_ring, chequers_temple_overflow_statue_of_worship,
          lemuel_doored_altar, david_lair_generic,
          kennysheep_orc_monster_closet_entryway
D:11:     layout_basic, kennysheep_dice
D:12:     layout_roguey, chequers_decorated_corner, uniq_jorgrun
D:13:     minmay_curly_fans, layout_basic, david_vaults_4,
          hangedman_abyss_or_decor_stagger
D:14:     layout_basic, portal_ice_cave_entry_animals_and_master,
          chequers_serial_rivers_small_a
D:15:     gammafunk_enter_depths_forms, layout_cave_pools, minivault_23,
          uniq_josephine
Temple:   nicolae_temple_elliptical
Lair:1:   gammafunk_lair_enchanted_lake, layout_big_grid, gammafunk_ghost_hive,
          nicolae_quartered_pool_super, hangedman_lair_unloving_vines, uniq_grum
Lair:2:   layout_gridlike, minmay_swamp_entry_worms
Lair:3:   dragon1_lemuel, layout_cave_shapes,
          minmay_snake_entry_guardpost_small, lemuel_old_faithful
Lair:4:   layout_loops_ring, ebering_ghost_funeral_grove
Lair:5:   layout_long_grid, slime_altar_1, eino_house_with_fridge,
          grunt_megastairs_5
Lair:6:   gammafunk_lair_ancient_temple, layout_regular_city, st_stairs_8,
          bobbens_dragon_lair_wall
Swamp:1:  layout_basic_swamp, evilmike_swamp_ruin_rubble_2
Swamp:2:  layout_basic_swamp, nicolae_swamp_decorative_isthmus, swamp_pool1,
          uniq_roxanne
Swamp:3:  layout_falls_marsh, serial_swamp_ruin, evilmike_swamp_ruin_house_2,
          evilmike_swamp_ruin_house_3
Swamp:4:  swamp, layout_basic_swamp, swamp_pool2, uniq_kirke
Snake:1:  layout_cave_shapes, library_closet, serial_bayou_shore_b,
          serial_bayou_shore_a, uniq_nikola, uniq_louise, uniq_aizul
Snake:2:  layout_layer_cave, minmay_shoptagon, uniq_vashnia
Snake:3:  layout_onion, serial_shops, shop, serial_bayou_pond_d
Snake:4:  hellmonk_snake_rune_quicksilver_temple, layout_chambers,
          hangedman_snake_thin_pillar_pass, grunt_megastairs_4,
          minmay_shop_grove
Orc:1:    layout_diamond_mine, basic_altar, uniq_erolcha
Orc:2:    grunt_orc_community_town_hall, layout_caves,
          grunt_orc_community_big_house_1, grunt_orc_community_big_house_1,
          grunt_orc_community_house_1, grunt_orc_community_house_3,
          grunt_orc_community_house_2, grunt_orc_community_house_1,
          grunt_orc_community_house_2, basic_altar
Vaults:1: grunt_vaults_twisty, vaults_standard_mumra_lines, st_lattice,
          ontoclasm_vaults_ligature, vaults_mumra_lcd, hangedman_vaults_nails,
          nicolae_vaults_mini_display_case, v_misc_24, grunt_vaults_funnel,
          hangedman_vaults_variations, nicolae_vaults_little_squares_3,
          ontoclasm_vaults_twist, nicolae_vaults_little_squares_2,
          layout_vaults_omnicross
Vaults:2: blue_anna_dwarven_crypt, v_pattern_5, vaults_room_pools,
          nicolae_vaults_what_the_h, v_rooms_1, grunt_vaults_bifocal,
          vaults_room_door_hall, vaults_dpeg_hooks, v_misc_27,
          dpeg_vaults_monster_row, layout_vaults_ring, uniq_frederick
Vaults:3: nicolae_vaults_disjoint_gnomons, hangedman_vaults_maws,
          hangedman_vaults_corner, v_pattern_2, vaults_mumra_hex,
          layout_vaults_omnigrid, serial_shops, nicolae_shop_overgrown_old_shop,
          uniq_margery

Skill      XL: |  1  2  3  4  5  6  7  8  9 10 11 12 13 14 15 16 17 18 19 20 21 |
---------------+----------------------------------------------------------------+-----
Polearms       | 3 4 6 9 10 12 13 14 16 18 19 | 19.7
Fighting       | 4 5 8 10 12 14 15 16 17 | 17.2
Evocations     | 3 5 6 9 10 11 13 | 13.5
Shields        | 5 7 8 10 13 15 | 15.0
Armour         | 7 10 11 13 | 13.5
Throwing       | 5 10 | 10.0
Dodging        | 5 9 10 | 10.0

Action                   |  1- 3 |  4- 6 |  7- 9 | 10-12 | 13-15 | 16-18 | 19-21 || total
-------------------------+-------+-------+-------+-------+-------+-------+-------++-------
Melee: Trident           |    47 |       |       |       |       |       |       ||    47
       Demon trident     |    36 |    81 |   192 |   584 |  1514 |  1540 |  1304 ||  5251
Throw: Dart              |       |       |       |    42 |   126 |    20 |     2 ||   190
       Boomerang         |       |       |       |       |       |   181 |    46 ||   227
       Javelin           |       |       |       |       |       |     2 |       ||     2
Invok: Call Merchant     |       |       |       |       |     3 |     3 |     1 ||     7
       Potion Petition   |       |       |       |       |       |     2 |     4 ||     6
 Abil: Dig               |       |     3 |     2 |     7 |     8 |     5 |     6 ||    31
Evoke: Tin of tremorston |       |       |       |       |     1 |     5 |     6 ||    12
       Condenser vane    |       |       |       |       |       |     4 |     4 ||     8
       Wand              |       |       |       |       |       |     3 |     1 ||     4
  Use: Scroll            |     4 |     2 |     1 |     6 |     9 |     5 |     1 ||    28
       Potion            |       |       |       |       |     4 |     8 |     5 ||    17
 Stab: Distracted        |       |       |       |     1 |     6 |     1 |     4 ||    12
Armor: Scale mail        |    20 |     2 |       |       |       |       |       ||    22
       Chain mail        |       |    28 |    66 |    61 |       |   165 |   183 ||   503
       Plate armour      |       |       |       |   100 |   454 |   248 |    25 ||   827
Dodge: Dodged            |    23 |    22 |    36 |    72 |   170 |   238 |   188 ||   749
Block: Kite shield       |    20 |    31 |    65 |   161 |   486 |   259 |       ||  1022
       Tower shield      |       |       |       |       |       |   639 |   910 ||  1549

Table legend: (Time is in decaauts)
 A = Elapsed time spent in this place.
 B = Non-inter-level travel time spent in this place.
 C = Inter-level travel time spent in this place.
 D = Time resting spent in this place.
 E = Time spent auto-exploring this place.
 F = Levels seen in this place.
 G = Mean time per level.
                   A        B        C        D        E       F      G
               +--------+--------+--------+--------+--------+-----+--------+
         Total |  39198 |  35760 |   3438 |   5348 |  23086 |  36 | 1088.8 |
       Dungeon |  15626 |  14230 |   1396 |   1855 |   9943 |  15 | 1041.7 |
        Temple |    166 |    138 |     28 |      0 |    137 |   1 |  166.0 |
          Lair |   9459 |   8431 |   1028 |   1544 |   5355 |   6 | 1576.5 |
         Swamp |   3854 |   3623 |    231 |    700 |   2107 |   4 |  963.5 |
     Snake Pit |   4845 |   4608 |    237 |    618 |   2981 |   4 | 1211.2 |
  Orcish Mines |   2004 |   1698 |    306 |     93 |    934 |   2 | 1002.0 |
        Vaults |   2564 |   2354 |    210 |    396 |   1369 |   3 |  854.7 |
      Ice Cave |    676 |    676 |      0 |    139 |    260 |   1 |  676.0 |
               +--------+--------+--------+--------+--------+-----+--------+

Top non-repeatable levels by time:
  Lair:1: 3202 daAuts
Vaults:2: 1984 daAuts
  Lair:2: 1689 daAuts
     D:5: 1683 daAuts
 Snake:4: 1619 daAuts
    D:11: 1519 daAuts
     D:8: 1498 daAuts
  Lair:6: 1401 daAuts
 Snake:2: 1369 daAuts
  Lair:4: 1368 daAuts
    D:10: 1324 daAuts
    D:14: 1207 daAuts
   Orc:2: 1099 daAuts
     D:4: 1082 daAuts
 Swamp:2: 1065 daAuts
